 Dungeon Crawl Stone Soup version 0.31-a0-1309-gbf3fed316f (webtiles) character file.

Game seed: 10101819700184753498

1568 Essalna the Covert (level 9, -1/57 HPs)
             Began as a Kobold Hunter on Dec 19, 2023.
             Was a Follower of Dithmenos.
             Slain by a mummy (17 damage)
             ... in an ossuary on Dec 20, 2023.
             The game lasted 00:13:11 (6735 turns).

Essalna the Covert (Kobold Hunter)                  Turns: 6735, Time: 00:13:11

Health: -1/57      AC:  5    Str:  7 (8)  XL:     9   Next: 13%
Magic:  9/9        EV: 16    Int:  7 (10) God:    Dithmenos [*.....]
Gold:   320        SH:  5    Dex: 27 (29) Spells: 8/8 levels left

rFire   x . .        C - +0 rapier
rCold   . . .        (no shield)
rNeg    . . .        c - +0 leather armour
rPois   .            (no helmet)
rElec   .            (no cloak)
rCorr   .            (no gloves)
SInv    .            (no boots)
Will    +....        t - amulet of reflection
Stlth   +++++++      i - +6 ring of dexterity
HPRegen 0.29/turn    (no ring)
MPRegen 0.11/turn

%: reflection
@: wreathed by umbra
A: small, no large weapons, nightstalker 3, iridescent scales 1, strong-willed
1, heat vulnerability 1
a: Renounce Religion


You were in an ossuary.
You worshipped Dithmenos.
Dithmenos was aware of your devotion.
You visited 2 branches of the dungeon, and saw 8 of its levels.
You also visited: Ossuary.

You collected 320 gold pieces.

Inventory:

Hand Weapons
 a - a +0 shortbow
 C - a +0 rapier (weapon)
Missiles
 E - a throwing net
Armour
 c - a +0 leather armour (worn)
Jewellery
 i - a +6 ring of dexterity (left hand)
 r - an amulet of magic regeneration
 t - an amulet of reflection (around neck)
Wands
 k - a wand of polymorph (15)
 v - a wand of paralysis (5)
Scrolls
 b - a scroll of butterflies
 d - 4 scrolls of revelation
 h - 6 scrolls of teleportation {unknown}
 j - 4 scrolls of identify {unknown}
 m - a scroll of silence {unknown}
 n - 2 scrolls of torment {unknown}
 o - a scroll of enchant armour {unknown}
 q - 2 scrolls of blinking {unknown}
 s - a scroll of poison {unknown}
 u - a scroll of amnesia {unknown}
 y - 2 scrolls of fear {unknown}
 z - a scroll of fog {unknown}
 A - 3 scrolls of enchant weapon {unknown}
 B - a scroll of immolation {unknown}
Potions
 e - 2 potions of degeneration
 g - 3 potions of mutation
 l - a potion of brilliance {unknown}
 p - a potion of curing {unknown}
 w - a potion of attraction {unknown}
 x - 3 potions of haste
 D - a potion of heal wounds {unknown}


   Skills:
 + Level 7.3 Fighting
 - Level 9.0 Ranged Weapons
 + Level 3.5 Dodging
 + Level 9.2 Stealth


You had 8 spell levels left.
You didn't know any spells.
Your spell library contained the following spells:

 Spells                   Type           Power      Damage    Failure   Level
 Apportation              Tloc           0%         N/A       56%         1
 Freeze                   Ice            0%         1d3       56%         1
 Necrotise                Necr           0%         1d4       56%         1
 Summon Small Mammal      Summ           0%         N/A       56%         1
 Sublimation of Blood     Necr           0%         N/A       71%         2
 Wereblood                Tmut           0%         N/A       71%         2
 Frozen Ramparts          Ice            0%         1d1       91%         3
 Hailstorm                Conj/Ice       0%         3d5       91%         3
 Inner Flame              Hex/Fire       0%         N/A       91%         3
 Flame Wave               Conj/Fire      0%         2d4       100%        4
 Sticky Flame             Conj/Fire      0%         2d3       100%        4
 Summon Hydra             Summ           0%         N/A       100%        7


Dungeon Overview and Level Annotations

Branches:
Dungeon (7/15)             Temple (1/1) D:5         Ossuary (1/1)

Altars:
Ashenzari
Dithmenos
Elyvilon
Fedhas
Gozag
Kikubaaqudgha
Makhleb
Nemelex Xobeh
Okawaru
Qazlal
Trog
Uskayaw
Vehumet
Wu Jian
Xom
Yredelemnul
Zin
The Shining One

Shops:
D:7 (

Annotations:
D:6 4 runed translucent doors, Crazy Yiuf; pzskc383's ghost, novice GrFi
D:7 Menkaure


Innate Abilities, Weirdness & Mutations

You are small and have problems with some larger weapons.
You are completely attuned to the shadows.
You are partially covered in iridescent scales. (AC +2)
You are strong-willed. (Will+)
You are vulnerable to heat. (rF-)


Message History

A goblin zombie and an adder zombie come into view.
You flicker back into view.
You feel yourself slow down.
Hit: C) +0 rapier
Press: ? - help, Dir - move target, f - mummy
Aim: a mummy (wandering, hasn't noticed you, umbra, about 19% to evade your +0 rapier)
You completely miss the mummy.
Hit: C) +0 rapier
Press: ? - help, Dir - move target, f/p - mummy
Aim: a mummy (umbra, about 19% to evade your +0 rapier)
You hit the mummy.
The mummy is moderately damaged.
The adder zombie closely misses you. The mummy misses you.
Hit: C) +0 rapier
Press: ? - help, Dir - move target, f/p - mummy
Aim: a mummy (moderately damaged, umbra, about 19% to evade your +0 rapier)
You puncture the mummy!
The mummy is severely damaged.
The adder zombie barely misses you. The mummy completely misses you.
Hit: C) +0 rapier
Press: ? - help, Dir - move target, f/p - mummy
Aim: a mummy (severely damaged, umbra, about 19% to evade your +0 rapier)
You hit the mummy.
The mummy is almost destroyed.
You block the adder zombie's attack. The adder zombie barely misses you.
The mummy closely misses you.
Hit: C) +0 rapier
Press: ? - help, Dir - move target, f/p - mummy
Aim: a mummy (almost destroyed, umbra, about 19% to evade your +0 rapier)
You puncture the mummy!
You destroy the mummy!
Dithmenos accepts your kill. You block the adder zombie's attack.
Hit: C) +0 rapier
Press: ? - help, Dir - move target, f - mummy
Aim: a mummy (umbra, about 19% to evade your +0 rapier)
You hit the mummy.
The mummy is lightly damaged.
The adder zombie completely misses you. The mummy hits you!
You die...

#######
#M#M#M#
#.....#
#...#
#.∩.#
#...#
#M∩.#
#@..#
##Z##
...#
#...#
Z....


You could see a mummy and an adder zombie.

Vanquished Creatures
  A water moccasin (D:7)
  An ice beast (D:6)
  2 ogres
  A kobold brigand (D:6)
  5 scorpions
  3 howler monkeys (D:7)
  2 hounds (D:6)
  3 jellies
  An orc priest (D:5)
  A sleepcap (D:4)
  3 iguanas
  Natasha (D:3)
  3 orc wizards (D:5)
  A mummy (Ossuary)
  8 gnolls
  10 adders
  2 shadow imps
  3 white imps
  2 ufetubi (D:6)
  2 worms
  2 dart slugs
  16 orcs
  6 bats
  9 endoplasms
  7 giant cockroaches
  5 goblins
  3 hobgoblins
  12 kobolds
  7 quokkas
  8 ball pythons
  3 frilled lizards
  5 rats
138 creatures vanquished.

Notes
Turn   | Place    | Note
-------+----------+-------------------------------------------
     0 | D:1      | Essalna the Kobold Hunter began the quest for the Orb.
     0 | D:1      | Reached XP level 1. HP: 12/12 MP: 1/1
     7 | D:1      | Noticed a komodo dragon
     7 | D:1      | Noticed a servant of whispers
   126 | D:1      | Reached XP level 2. HP: 15/18 MP: 2/2
   320 | D:1      | Reached XP level 3. HP: 11/22 MP: 3/3
   824 | D:1      | Noticed a stone giant
  1544 | D:2      | Reached XP level 4. HP: 28/28 MP: 4/4
  2088 | D:3      | Found a burning altar of Makhleb.
  2151 | D:3      | Found a white marble altar of Elyvilon.
  2151 | D:3      | Found an iron altar of Okawaru.
  2151 | D:3      | Found a bloodstained altar of Trog.
  2219 | D:3      | Noticed Natasha
  2222 | D:3      | Killed Natasha
  2223 | D:3      | Reached XP level 5. HP: 32/32 MP: 5/5
  2837 | D:4      | Reached XP level 6. HP: 38/38 MP: 6/6
  2937 | D:4      | Noticed an ogre
  2946 | D:4      | Killed an ogre
  2947 | D:4      | Reached skill level 5 in Stealth
  3325 | D:5      | Entered Level 5 of the Dungeon
  3332 | D:5      | Reached XP level 7. HP: 21/44 MP: 7/7
  3521 | D:5      | Reached skill level 5 in Fighting
  3600 | D:5      | Found a hide-covered altar of Uskayaw.
  3718 | D:5      | Noticed an angel
  4026 | D:5      | Reached XP level 8. HP: 33/51 MP: 8/8
  4205 | D:5      | Noticed a rust devil
  4255 | D:5      | Found a staircase to the Ecumenical Temple.
  4291 | Temple   | Entered the Ecumenical Temple
  4328 | Temple   | Became a worshipper of Dithmenos the Shadowed
  5130 | D:6      | Upgraded the game from 0.31-a0-1301-g7e11add784 to
                  | 0.31-a0-1309-gbf3fed316f
  5288 | D:6      | Found a glowing golden altar of the Shining One.
  5836 | D:6      | Reached * piety under Dithmenos
  6187 | D:6      | Found a runed translucent door.
  6190 | D:6      | Noticed Crazy Yiuf
  6216 | D:6      | Found a runed translucent gate.
  6218 | D:6      | Found a runed translucent gate.
  6218 | D:6      | Noticed pzskc383's ghost (novice GrFi)
  6219 | D:6      | Found a runed translucent gate.
  6219 | D:6      | Noticed a kobold demonologist
  6551 | D:7      | Found Arotoen's Antique Weapon Shoppe.
  6596 | D:7      | Noticed Menkaure
  6660 | D:7      | Reached XP level 9. HP: 45/57 MP: 9/9
  6670 | D:7      | Gained mutation: You are strong-willed. (Will+) [potion of
                  | mutation]
  6670 | D:7      | Gained mutation: You are partially covered in iridescent
                  | scales. (AC +2) [potion of mutation]
  6670 | D:7      | Gained mutation: You are vulnerable to heat. (rF-) [potion
                  | of mutation]
  6708 | D:7      | Found a sand-covered staircase.
  6714 | Ossuary  | Entered an ossuary
  6735 | Ossuary  | Slain by a mummy

Illustrated notes

Levels and vault maps discovered:
D:1:      onia_arrival_zoo_common, layout_rooms
D:2:      layout_loops_corners
D:3:      layout_rooms, mainiacjoe_overflow_six_doors_small,
          gammafunk_temple_overflow_claw, minmay_misc_feat_room, uniq_natasha
D:4:      layout_gridville
D:5:      layout_loops_ring, mainiacjoe_overflow_tiny_flanked, temple_garden,
          kennysheep_potato
D:6:      layout_gridville, tso_metal_star, gammafunk_ghost_nasty_kobolds,
          uniq_crazy_yiuf_cottage
D:7:      layout_cave_pods, overflow_temple_1_default,
          nicolae_ru_the_path_less_chosen, enter_ossuary_1, serial_shops, shop,
          kennysheep_generic_room_5, uniq_joseph, uniq_menkaure, uniq_maurice,
          uniq_prince_ribbit1, uniq_maggie
Temple:   nicolae_temple_godzebo
Ossuary:  ossuary_minmay_chase

Skill      XL: |  1  2  3  4  5  6  7  8  9 |
---------------+----------------------------+-----
Stealth        | 2 3 4 5 6 8 9 |  9.2
Fighting       | 3 4 5 7 |  7.3
Ranged Weapons | 6 7 8 9 |  9.0
Dodging        | 3 |  3.5

Action                     |  1- 3 |  4- 6 |  7- 9 || total
---------------------------+-------+-------+-------++-------
  Melee: Rapier            |       |       |    38 ||    38
   Fire: Shortbow          |    94 |   138 |   246 ||   478
  Evoke: Wand              |       |       |     2 ||     2
    Use: Scroll            |       |       |     1 ||     1
         Potion            |       |       |     4 ||     4
   Stab: Invisible         |       |       |     4 ||     4
 Armour: Leather armour    |    32 |    24 |   123 ||   179
  Dodge: Dodged            |    36 |    44 |   193 ||   273
  Block: Other             |       |     8 |    63 ||    71
         Reflection        |       |       |     3 ||     3

Table legend: (Time is in decaauts)
 A = Elapsed time spent in this place.
 B = Non-inter-level travel time spent in this place.
 C = Inter-level travel time spent in this place.
 D = Time resting spent in this place.
 E = Time spent auto-exploring this place.
 F = Levels seen in this place.
 G = Mean time per level.
                   A        B        C        D        E       F      G
               +--------+--------+--------+--------+--------+-----+--------+
         Total |   6764 |   6425 |    339 |     74 |   5410 |   9 |  751.6 |
       Dungeon |   6689 |   6370 |    319 |     71 |   5410 |   7 |  955.6 |
        Temple |     58 |     38 |     20 |      0 |      0 |   1 |   58.0 |
       Ossuary |     16 |     16 |      0 |      3 |      0 |   1 |   16.0 |
               +--------+--------+--------+--------+--------+-----+--------+

Top non-repeatable levels by time:
     D:6: 1916 daAuts
     D:5: 1320 daAuts
     D:2: 1003 daAuts
     D:1: 870 daAuts
     D:4: 859 daAuts
     D:3: 624 daAuts
     D:7: 95 daAuts
  Temple: 58 daAuts
 Ossuary: 16 daAuts
